 Dungeon Crawl Stone Soup version 0.27.1-1-g398f81649c (webtiles) character file.

Game seed: 17028786711318875412

1490 Kisaca the Chopper (level 8, -1/70 HPs)
             Began as a Purple Draconian Berserker on Sept 17, 2021.
             Was an Elder of Trog.
             Succumbed to a scorpion's poison
             ... on level 5 of the Dungeon.
             The game lasted 00:39:24 (6798 turns).

Kisaca the Chopper (Purple Draconian Berserker)     Turns: 6798, Time: 00:39:25

Health: -1/70      AC: 10    Str: 21    XL:     8   Next: 51%
Magic:  8/8        EV: 13    Int:  9    God:    Trog [****..]
Gold:   289        SH:  0    Dex: 10    Spells: 7/7 levels left

rFire    . . .     SeeInvis .   q - +0 broad axe
rCold    . . .     Faith    +   (no shield)
rNeg     . . .     Spirit   .   (armour unavailable)
rPois    .         Reflect  .   (helmet restricted)
rElec    .         Harm     .   L - +2 cloak
rCorr    .         Rampage  .   (no gloves)
Will     ++...                  I - +0 pair of boots
Stlth    ++........             k - amulet of faith
HPRegen  0.21/turn              w - ring of willpower
MPRegen  0.11/turn              (no ring)

@: lethally poisoned (-1 -> -8), on berserk cooldown
A: breathe power, AC +6, unfitting armour, cold-blooded
a: Breathe Dispelling Energy, Renounce Religion, Berserk, Trog's Hand, Brothers
in Arms


You were on level 5 of the Dungeon.
You worshipped Trog.
Trog was greatly pleased with you.
You visited 1 branch of the dungeon, and saw 5 of its levels.
You also visited: Ossuary.

You collected 289 gold pieces.

Inventory:

Hand Weapons
 j - a +2 quarterstaff of chaos
 q - a +0 broad axe (weapon)
Missiles
 e - 30 bolts
 f - 74 arrows
 i - 47 poisoned darts (quivered)
Armour
 I - a +0 pair of boots (worn)
 L - a +2 cloak (worn)
Jewellery
 a - a ring of ice
 k - an amulet of faith (around neck)
 o - an amulet of guardian spirit
 w - a ring of willpower (left hand)
Wands
 m - a wand of digging (2)
 s - a wand of acid (11)
Scrolls
 b - 2 scrolls of noise
 c - 5 scrolls of identify
 d - 3 scrolls of amnesia
 g - 2 scrolls of enchant weapon {unknown}
 n - a scroll of magic mapping {unknown}
 r - 2 scrolls of vulnerability {unknown}
 v - 2 scrolls of teleportation {unknown}
 x - a scroll of enchant armour {unknown}
 y - a scroll of fog {unknown}
 B - a scroll of summoning {unknown}
 E - a scroll of silence {unknown}
 K - a scroll of torment {unknown}
Potions
 h - a potion of invisibility
 l - a potion of curing
 p - 3 potions of magic {unknown}
 t - 3 potions of heal wounds {unknown}
 u - a potion of might {unknown}
 z - 2 potions of lignification {unknown}
 A - 2 potions of brilliance {unknown}
 C - 2 potions of cancellation {unknown}
 D - a potion of haste {unknown}
 F - a potion of mutation {unknown}
 G - a potion of resistance {unknown}
 H - a potion of berserk rage {unknown}
 J - 3 potions of flight {unknown}


   Skills:
 + Level 6.1 Fighting
 + Level 6.7(7.6) Axes
 + Level 5.1(6.7) Maces & Flails
 + Level 0.7 Throwing
 + Level 4.7 Dodging
 + Level 1.7 Stealth


You had 7 spell levels left.
You didn't know any spells.
Your spell library contained the following spells:

 Spells                   Type           Power      Damage    Failure   Level
 Gell's Gravitas          Tloc           0%         N/A       77%         3
 Teleport Other           Tloc           0%         N/A       77%         3
 Dispersal                Tloc           0%         N/A       100%        6


Dungeon Overview and Level Annotations

Branches:
Dungeon (5/15)            Ossuary (visited)
 Temple: D:4-7

Altars:
Nemelex Xobeh


Innate Abilities, Weirdness & Mutations

You can breathe bolts of dispelling energy.
Your rich purple scales are hard. (AC +6)
You cannot fit into any form of body armour.
You are cold-blooded and may be slowed by cold attacks.


Message History

The scorpion stings you.
There is a stone staircase leading down here.
You feel very sick. The scorpion stings you.
* * * LOW HITPOINT WARNING * * *
You are lethally poisoned!
The scorpion poisons you!
You feel yourself speed up.
* * * LOW HITPOINT WARNING * * *
You feel very sick.
The scorpion stings you but does no damage.
You see here an adder corpse.
* * * LOW HITPOINT WARNING * * *
You feel very sick.
Okay, then.
You feel better. The scorpion closely misses you.
Press: ? - help, v - describe, . - travel, g - get item
Here: a scorpion Item here: an adder corpse.
The floor.
You barely miss the scorpion. The scorpion misses you.
The scorpion barely misses you.
You closely miss the scorpion. The scorpion stings you.
* * * LOW HITPOINT WARNING * * *
You slash the scorpion!
The scorpion is heavily wounded.
The scorpion stings you.
* * * LOW HITPOINT WARNING * * *
You are lethally poisoned!
The scorpion poisons you!
You hit the scorpion.
The scorpion is severely wounded.
* * * LOW HITPOINT WARNING * * *
You feel very sick. The scorpion stings you.
* * * LOW HITPOINT WARNING * * *
The scorpion closely misses you.
You hit the scorpion.
The scorpion is severely wounded.
You die...

#.###.#.### .##.#
........... ..#.###
##.##...... #.#.#.. #......
#.#.#.# #.##..†... #.#.#.#
#.:....... #...#.#
#####.....
######..#.##########.......
#......>.s@..(.......######
#.......###########..#
#.......# #..# #.......#
#..# #.(/....# #..#
#.......# #..# #.......#
#..# #.......# #..#


You could see a scorpion.

Vanquished Creatures
  Grinder (D:4)
  Menkaure (Ossuary)
  2 black bears
  An ogre (D:4)
  A phantom (D:5)
  An elf zombie (Ossuary)
  A howler monkey (D:4)
  2 jellies
  A centaur zombie (Ossuary)
  A gnoll shaman (D:4)
  Crazy Yiuf (D:3)
  A bullfrog skeleton (D:5)
  2 hounds (D:4)
  Natasha (thrice) (D:3)
  4 ogre zombies (Ossuary)
  6 mummies (Ossuary)
  9 adders
  8 gnolls
  A howler monkey skeleton (D:4)
  A shadow imp (D:3)
  2 adder zombies (Ossuary)
  2 adder skeletons (D:4)
  A dart slug (D:2)
  2 orcs
  5 ball pythons
  5 bats
  9 endoplasms
  2 giant cockroaches
  6 goblins
  4 hobgoblins
  10 jackals (D:1)
  7 kobolds
  3 quokkas
  2 frilled lizards
  A goblin zombie (Ossuary)
  4 hobgoblin zombies (Ossuary)
  2 kobold zombies (Ossuary)
  5 rats
  3 rat zombies (Ossuary)
123 creatures vanquished.

Vanquished Creatures (others)
  3 fungi (D:3)
  A plant (D:1)
4 creatures vanquished.

Grand Total: 127 creatures vanquished

Notes
Turn   | Place    | Note
-------+----------+-------------------------------------------
     0 | D:1      | Kisaca the Draconian Berserker began the quest for the Orb.
     0 | D:1      | Reached XP level 1. HP: 19/19 MP: 1/1
   430 | D:1      | Reached XP level 2. HP: 26/26 MP: 2/2
  1187 | D:1      | Reached XP level 3. HP: 31/33 MP: 3/3
  1504 | D:1      | Found a faded altar of an unknown god.
  1889 | D:2      | Found a sparkling altar of Nemelex Xobeh.
  2662 | D:2      | Reached ** piety under Trog
  3029 | D:2      | Reached XP level 4. HP: 26/40 MP: 4/4
  3523 | D:3      | Noticed a black bear
  3529 | D:3      | Killed a black bear
  3530 | D:3      | Reached skill level 1 in Stealth
  3530 | D:3      | Reached XP level 5. HP: 47/47 MP: 5/5
  3540 | D:3      | Reached skill level 5 in Maces & Flails
  3999 | D:3      | Noticed Natasha
  4003 | D:3      | Killed Natasha
  4004 | D:3      | Reached skill level 1 in Axes
  4014 | D:3      | Noticed Natasha
  4021 | D:3      | Killed Natasha
  4022 | D:3      | Reached XP level 6. HP: 31/53 MP: 6/6
  4032 | D:3      | Noticed Natasha
  4078 | D:3      | Killed Natasha
  4616 | D:3      | Found a runed translucent door.
  4617 | D:3      | Noticed Crazy Yiuf
  4623 | D:3      | Killed Crazy Yiuf
  4974 | D:4      | Noticed Grinder
  4975 | D:4      | Paralysed by Grinder for 2 turns
  4980 | D:4      | Killed Grinder
  4980 | D:4      | Reached *** piety under Trog
  4981 | D:4      | Your scales start taking on a rich purple colour.
  4981 | D:4      | Reached XP level 7. HP: 60/60 MP: 7/7
  4985 | D:4      | Reached skill level 5 in Fighting
  5395 | D:4      | Found a sand-covered staircase.
  5414 | Ossuary  | Entered an ossuary
  5481 | Ossuary  | Noticed Menkaure
  5496 | Ossuary  | Killed Menkaure
  5502 | Ossuary  | Reached skill level 5 in Axes
  5757 | Ossuary  | Reached XP level 8. HP: 70/70 MP: 8/8
  5952 | Ossuary  | Reached **** piety under Trog
  6567 | D:5      | Entered Level 5 of the Dungeon
  6797 | D:5      | HP: 1/70 [scorpion (6)]
  6798 | D:5      | Succumbed to a scorpion's poison

Illustrated notes

Levels and vault maps discovered:
D:1:      erik_arrival_cave_to_civilisation [erik_arrival_cave_to_temple],
          layout_basic, dreamdust_ecumenical_altar_hidden_monk_grotto
D:2:      layout_loops_ring, basic_altar
D:3:      layout_loops_ring, minmay_pentomino_pile, uniq_natasha,
          uniq_crazy_yiuf_cottage
D:4:      layout_gridville, nicolae_ossuary_entry_monument, minmay_fountain_box,
          uniq_grinder
D:5:      layout_basic, minivault_27

Skill      XL: |  1  2  3  4  5  6  7  8 |
---------------+-------------------------+-----
Dodging        | 3 4 |  4.7
Maces & Flails | 4 5 |  5.1
Fighting       | 4 5 6 |  6.1
Stealth        | 1 |  1.7
Axes           | 1 3 5 6 |  6.7
Throwing       | |  0.7

Action                   |  1- 3 |  4- 6 |  7- 9 || total
-------------------------+-------+-------+-------++-------
Melee: Mace              |   138 |    16 |       ||   154
       Tailslap          |    10 |    11 |    20 ||    41
       Broad axe         |       |    85 |   159 ||   244
Throw: Dart              |       |       |     9 ||     9
Invok: Berserk           |       |     3 |     4 ||     7
Evoke: Wand              |       |       |     1 ||     1
  Use: Scroll            |     2 |       |     1 ||     3
       Potion            |       |       |     1 ||     1
 Stab: Sleeping          |       |       |     1 ||     1
Armor: Skin              |    53 |    46 |    48 ||   147
Dodge: Dodged            |   106 |    89 |   107 ||   302
